 Dungeon Crawl Stone Soup version 0.21.0-3-g78d12a8 (webtiles) character file.

97596 inmateoo the Severer (level 15, -2/139 HPs)
             Began as a Deep Dwarf Fighter on Jan 9, 2018.
             Was the Champion of Makhleb.
             Slain by a fire elemental (4 damage)
             ... summoned by a deep elf mage
             ... on level 1 of the Elven Halls.
             The game lasted 00:37:12 (21127 turns).

inmateoo the Severer (Deep Dwarf Fighter)          Turns: 21127, Time: 00:37:13

Health: -2/139     AC: 30    Str: 32    XL:     15   Next: 72%
Magic:  2/10       EV: 13    Int:  9    God:    Makhleb [******]
Gold:   796        SH: 14    Dex: 12    Spells: 11/19 levels left

rFire    + . .     SeeInvis .   V - +5 hand axe of Wounding {chop, Str+6}
rCold    + + .     Gourm    .   c - +0 shield
rNeg     + . .     Faith    .   W - +2 plate armour {rF+}
rPois    .         Spirit   .   U - +2 helmet of Mookkyen {rC+}
rElec    .         Reflect  .   (no cloak)
rCorr    .         Harm     .   r - +0 pair of gloves
MR       ++...                  S - +2 pair of boots
Stlth    ..........             m - amulet of rage
HPRegen  0.00/turn              R - ring of protection from cold
MPRegen  0.12/turn              E - +4 ring of protection

@: lethally poisoned (-2 -> -95), berserk cooldown, non-regenerating, slowed,
very slow
A: damage resistance, heal wounds, negative energy resistance 1, sense
surroundings 2, no regeneration
a: Heal Wounds, Minor Destruction, Lesser Servant of Makhleb, Major Destruction,
Greater Servant of Makhleb, Renounce Religion, Evoke Berserk Rage


You were on level 1 of the Elven Halls.
You worshipped Makhleb.
Makhleb was exalted by your worship.
You were not hungry.

You visited 5 branches of the dungeon, and saw 25 of its levels.
You also visited: Labyrinth.

You collected 2158 gold pieces.
You spent 1362 gold pieces at shops.

Inventory:

Hand Weapons
 w - a +5 hand axe of draining
 Q - a +2 hand axe of flaming
 V - the +5 hand axe of Wounding (weapon) {chop, Str+6}
   (You bought it in a shop on level 2 of the Orcish Mines)

   It inflicts extra damage upon your enemies.
   It affects your strength (+6).
Armour
 b - a +1 hat
 c - a +0 shield (worn)
 r - a +0 pair of gloves (worn)
 I - a +2 plate armour of magic resistance
 S - a +2 pair of boots (worn)
 U - the +2 helmet of Mookkyen (worn) {rC+}
   (You bought it in a shop on level 6 of the Dungeon)

   It protects you from cold.
 W - a +2 plate armour of fire resistance (worn)
Jewellery
 m - an amulet of rage (around neck)
 C - a +2 ring of protection
 E - a +4 ring of protection (right hand)
 G - an uncursed ring of see invisible
 K - the ring of the Median {rN++ Str-5}
   (You found it on level 6 of the Lair of Beasts)

   [ring of strength]

   It affects your strength (-5).
   It greatly protects you from negative energy.
 R - a ring of protection from cold (left hand)
Wands
 t - a wand of flame (111)
 x - a wand of digging (7)
 y - a wand of random effects (99)
 F - a wand of paralysis (23)
 H - a wand of iceblast (54)
 O - a wand of disintegration (12)
 P - a wand of acid (10)
Scrolls
 s - 5 scrolls of remove curse
 v - 3 scrolls of blinking
 z - 3 scrolls of enchant weapon
 A - 7 scrolls of identify
 B - 4 scrolls of teleportation
 D - 3 scrolls of fear
 J - 3 scrolls of fog
 L - 4 scrolls of amnesia
 N - a scroll of enchant armour
 T - a scroll of immolation
Potions
 d - 4 potions of might
 e - 2 potions of invisibility
 g - a potion of resistance
 h - 4 potions of flight
 i - 4 potions of cancellation
 k - 5 potions of heal wounds
 l - 10 potions of curing
 n - 4 potions of agility
 o - 2 potions of haste
 p - 4 potions of lignification
 q - 2 potions of mutation
 u - a potion of brilliance
 M - a potion of berserk rage
Books
 j - a book of Callings

   Spells                             Type                      Level
   a - Summon Small Mammal            Summoning                    1
   b - Call Imp                       Summoning                    2
   c - Call Canine Familiar           Summoning                    3
   d - Summon Guardian Golem          Hexes/Summoning              3
   e - Summon Lightning Spire         Summoning/Air                4
   f - Summon Ice Beast               Ice/Summoning                4
Comestibles
 f - 37 rations


   Skills:
 + Level 10.3 Fighting
 * Level 16.0 Axes
 + Level 12.1 Armour
 + Level 10.7 Dodging
 + Level 12.2 Shields
 - Level 2.9 Spellcasting
 - Level 3.3 Transmutations
 - Level 5.1 Earth Magic
 + Level 11.3 Invocations
 + Level 8.1 Evocations


You had 11 spell levels left.
You knew the following spells:

 Your Spells              Type           Power        Failure   Level  Hunger
a - Statue Form           Tmut/Erth      #........    100%        6    #######
b - Swiftness             Chrm/Air       #.......     98%         2    ###....


Dungeon Overview and Level Annotations

Branches:
Dungeon (15/15)            Temple (1/1) D:5            Lair (6/6) D:8
 Shoals (0/4) Lair:4        Snake (0/4) Lair:3        Slime (0/5) Lair:5
    Orc (2/2) D:10            Elf (1/3) Orc:2        Vaults (0/5) D:14
 Depths (0/5) D:15

Altars:
Ashenzari
Cheibriados
Dithmenos
Elyvilon
Fedhas
Gozag
Hepliaklqana
Kikubaaqudgha
Makhleb
Nemelex Xobeh
Okawaru
Qazlal
Ru
Sif Muna
Trog
Uskayaw
Vehumet
Wu Jian
Xom
Yredelemnul
Zin
The Shining One
Beogh

Shops:
D:6 [   D:9 (   Orc:2 [:*(

Portals:
Ice
Cave: Elf:1


Innate Abilities, Weirdness & Mutations

You are resistant to damage.
You can heal yourself by infusing magical energy.
You resist negative energy. (rN+)
You passively map the area around you.
You do not regenerate.


Message History

The deep elf mage mumbles some strange words.
The deep elf mage barely misses you. The fire elemental hits you.
The fire elemental burns you! You resist.
* * * LOW HITPOINT WARNING * * *
The ice beast completely misses you.
Unknown command.
* * * LOW HITPOINT WARNING * * *
You feel extremely sick.
The halberd of venom hits you from afar!
* * * LOW HITPOINT WARNING * * *
You are more poisoned.
The deep elf mage casts a spell.
The deep elf mage blinks!
The halberd of venom hits you from afar.
* * * LOW HITPOINT WARNING * * *
You are more poisoned.
The deep elf mage gestures wildly while chanting.
The deep elf mage blinks!
The fire elemental hits you. The fire elemental burns you! You resist.
You die...

* *,..,#.......#,..,,,* *
*,...#.....|.#...,,,* *
**+,..#...e...#..,,,,* *
**,***?..E.8.....,**+** * * **,**
*,#.......#,,**,* ** **,**
#,#ee§§e..#,,**,* **, **,**
#.#.eE(YY.#,***,* **,* **,**
#.####E####..#*,* **,** *,**
##....)§@.....#*,* **,** +**
*#......)####..##+##*,** ,**
#.).......# **+#...#+**
,,*****#.........# ##.....## #
,,+,,,,+.........####.......#####
,,*****#......[..'..'.......'...'
,** #.........####.......##### **
##.......## *#+.....## # +**
##)....## **>##...#+**


You could see a deep elf archer, an earth elemental, 3 deep elf magi, 2 fire
elementals and a halberd of venom.

Vanquished Creatures
  Rupert (D:15)
  Gastronok (D:11)
  Frances (D:12)
  An orc warlord (Orc:2)
  A minotaur (Lab)
  A fire dragon (Lair:6)
  Josephine (D:10)
  A yaktaur captain (D:15)
  14 hydras
  Harold (D:12)
  Erica (D:9)
  4 centaur warriors (D:15)
  4 dancing weapons
  5 two-headed ogres
  Urug (D:14)
  4 death yaks (Lair:6)
  3 orc high priests (Orc:2)
  Nergalle (D:11)
  2 deep elf knights (Elf:1)
  A fire crab (Lair:6)
  3 unseen horrors
  4 orc knights
  2 ugly things (D:12)
  2 orc sorcerers (Orc:2)
  2 manticores
  Maurice (D:10)
  5 black mambas
  3 merfolk sirens (Lair:4)
  21 elephants
  Joseph (Lair:1)
  A black mamba (shapeshifter) (D:14)
  2 molten gargoyles (Lair:6)
  2 gargoyles
  7 spiny frogs
  2 kobold demonologists
  10 komodo dragons
  A yaktaur (D:15)
  3 rime drakes
  6 trolls
  A queen bee (shapeshifter) (D:15)
  A queen bee (Lair:2)
  Prince Ribbit (D:9)
  4 slime creatures
  8 blink frogs
  7 hippogriffs
  A meliai zombie (D:14)
  11 dream sheep
  6 wraiths
  A water elemental (Elf:1)
  5 wyverns
  A vampire (D:15)
  A fire elemental (Elf:1)
  7 basilisks
  A hungry ghost (D:9)
  32 yaks
  2 steam dragons
  Grum (Lair:1)
  9 vampire mosquitoes
  3 nagas (Lair:3)
  An acid dragon (D:9)
  A warg (Orc:2)
  3 hell hounds (Lair:6)
  A soldier ant (D:12)
  16 water moccasins
  15 porcupines
  30 orc warriors
  3 ice beasts (D:6)
  3 black bears
  7 sky beasts
  2 eyes of draining
  14 ogres
  3 phantoms
  8 centaurs
  17 wolves
  10 crocodiles
  6 big kobolds
  24 bullfrogs
  2 earth elementals
  10 scorpions
  45 killer bees
  3 wights (D:10)
  8 howler monkeys
  2 electric eels
  4 lava snakes (Lair:6)
  6 crimson imps
  3 bullfrog zombies
  2 human zombies (D:10)
  5 centaur zombies
  3 centaur skeletons
  5 hounds
  3 jellies
  14 orc priests
  A human skeleton (D:10)
  5 iguanas
  22 orc wizards
  10 worker ants
  A hound zombie (D:6)
  6 mummies (D:10)
  A worker ant zombie (D:10)
  10 gnolls
  12 adders
  3 shadow imps
  2 oozes
  2 adder zombies (D:6)
  2 worms
  4 dart slugs
  5 leopard geckos
  65 orcs
  4 giant cockroaches
  7 goblins
  6 hobgoblins
  18 jackals
  7 quokkas
  A ball python (D:1)
  4 bats
  9 frilled lizards
  24 kobolds
  2 quokka zombies
  4 rats
  10 fungi
756 creatures vanquished.

Vanquished Creatures (collateral kills)
  An orc high priest (Orc:2)
  An orc warrior (Orc:2)
2 creatures vanquished.

Vanquished Creatures (others)
  A deep elf knight (Elf:1)
  15 fungi
  10 plants
26 creatures vanquished.

Grand Total: 784 creatures vanquished

Notes
Turn   | Place    | Note
-------+----------+-------------------------------------------
     0 | D:1      | inmateoo the Deep Dwarf Fighter began the quest for the Orb.
     0 | D:1      | Reached XP level 1. HP: 20/20 MP: 1/1
    83 | D:1      | Reached XP level 2. HP: 27/27 MP: 2/2
   251 | D:1      | Reached skill level 3 in Axes
   254 | D:1      | Reached XP level 3. HP: 30/33 MP: 3/3
   534 | D:2      | Found an iron altar of Okawaru.
  1538 | D:3      | Reached XP level 4. HP: 36/42 MP: 4/4
  2149 | D:3      | Reached skill level 4 in Axes
  2149 | D:3      | Reached XP level 5. HP: 31/49 MP: 5/5
  2313 | D:4      | Noticed a sky beast
  2330 | D:4      | Killed a sky beast
  2330 | D:4      | Reached XP level 6. HP: 39/57 MP: 6/6
  2349 | D:4      | Reached skill level 5 in Axes
  2461 | D:4      | Reached XP level 7. HP: 29/64 MP: 7/7
  2577 | D:4      | Reached skill level 5 in Armour
  2618 | D:4      | Found a blossoming altar of Fedhas.
  2730 | D:5      | Entered Level 5 of the Dungeon
  2769 | D:5      | Reached skill level 5 in Shields
  2873 | D:5      | Reached skill level 6 in Axes
  3009 | D:5      | Found a staircase to the Ecumenical Temple.
  3025 | Temple   | Entered the Ecumenical Temple
  3414 | D:5      | Found a hazy altar of Hepliaklqana.
  3767 | D:6      | Reached XP level 8. HP: 39/73 MP: 8/8
  3809 | D:6      | Reached skill level 7 in Axes
  3861 | D:6      | Found a shadowy altar of Dithmenos.
  3953 | D:6      | Reached skill level 5 in Fighting
  4105 | D:6      | Reached skill level 1 in Dodging
  4127 | D:6      | Found Xeuti's Armour Emporium.
  4143 | D:6      | Reached skill level 8 in Axes
  4676 | D:7      | Gained mutation: You passively map the area around you. [Deep Dwarf growth]
  4676 | D:7      | Reached XP level 9. HP: 77/81 MP: 7/7
  5174 | D:8      | Reached skill level 9 in Axes
  5500 | D:8      | Reached XP level 10. HP: 57/91 MP: 6/6
  5506 | D:8      | Reached skill level 10 in Axes
  5553 | D:8      | Found a burning altar of Makhleb.
  5556 | D:8      | Found a staircase to the Lair.
  5562 | D:8      | Became a worshipper of Makhleb the Destroyer
  5566 | D:8      | Found a sacrificial altar of Ru.
  6074 | D:9      | Reached skill level 1 in Invocations
  6083 | D:9      | Reached skill level 1 in Evocations
  6194 | D:9      | Found Kioseju's Antique Weapon Shop.
  6250 | D:9      | Noticed Prince Ribbit
  6278 | D:9      | Killed Prince Ribbit
  6278 | D:9      | Reached skill level 5 in Dodging
  6406 | D:9      | Reached * piety under Makhleb
  6439 | D:9      | Found a sacrificial altar of Ru.
  6523 | D:9      | Found a shattered altar of Ashenzari.
  6689 | D:9      | Noticed Erica
  6717 | D:9      | Killed Erica
  6717 | D:9      | Reached skill level 11 in Axes
  6934 | D:10     | Entered Level 10 of the Dungeon
  7116 | D:6      | Bought a +1 plate armour of magic resistance for 525 gold pieces
  7228 | Lair:1   | Entered Level 1 of the Lair of Beasts
  7228 | Lair:1   | Found a labyrinth entrance.
  7228 | Lair:1   | Noticed Grum
  7244 | Lair:1   | Killed Grum
  7244 | Lair:1   | Reached XP level 11. HP: 100/100 MP: 4/4
  7293 | Lab      | Entered a labyrinth
  8569 | Lab      | Noticed a minotaur
  8582 | Lab      | Killed a minotaur
  8837 | Lair:1   | Noticed Joseph
  8867 | Lair:1   | Killed Joseph
  9127 | Lair:2   | Reached ** piety under Makhleb
  9186 | Lair:2   | Reached skill level 5 in Invocations
  9249 | Lair:2   | Reached skill level 5 in Evocations
  9249 | Lair:2   | Reached skill level 12 in Axes
  9409 | Lair:2   | Reached XP level 12. HP: 36/110 MP: 3/3
  9450 | Lair:2   | Reached *** piety under Makhleb
  9491 | Lair:2   | Got a spiked buckler
  9527 | Lair:2   | Identified the cursed +0 buckler "Fuf Ejoe" {Str+4} (You found it on level 2 of the Lair of Beasts)
 10235 | Lair:3   | Reached **** piety under Makhleb
 10252 | Lair:3   | Reached skill level 13 in Axes
 10317 | Lair:3   | Found a staircase to the Snake Pit.
 10348 | Lair:3   | Learned a level 6 spell: Statue Form
 10513 | Lair:3   | Reached skill level 10 in Armour
 10513 | Lair:3   | Reached skill level 10 in Shields
 10661 | Lair:3   | Noticed an eight-headed hydra
 10674 | Lair:3   | Killed a one-headed hydra
 11074 | Lair:3   | You fall through a shaft for 3 floors!
 11074 | Lair:6   | Entered Level 6 of the Lair of Beasts
 11102 | Lair:6   | Reached skill level 1 in Earth Magic
 11105 | Lair:6   | Reached XP level 13. HP: 118/118 MP: 5/5
 11206 | Lair:6   | Reached skill level 1 in Transmutations
 11210 | Lair:6   | Reached skill level 1 in Spellcasting
 11499 | Lair:6   | Reached ***** piety under Makhleb
 11726 | Lair:6   | Found a large runed door.
 11933 | Lair:6   | Reached skill level 14 in Axes
 12289 | Lair:6   | Found a large runed door.
 12320 | Lair:6   | Noticed a fire dragon
 12330 | Lair:6   | Killed a fire dragon
 12347 | Lair:6   | Got a transparent steel ring
 12354 | Lair:6   | Identified the cursed ring of the Median {rN++ Str-5} (You found it on level 6 of the Lair of Beasts)
 12724 | Lair:5   | Gained mutation: You resist negative energy. (rN+) [Deep Dwarf growth]
 12724 | Lair:5   | Reached XP level 14. HP: 83/129 MP: 7/7
 13061 | Lair:5   | Reached skill level 5 in Earth Magic
 13152 | Lair:5   | Learned a level 2 spell: Swiftness
 13193 | Lair:5   | Found a staircase to the Slime Pits.
 14066 | Lair:4   | Found a staircase to the Shoals.
 14543 | D:10     | Found a basalt altar of Yredelemnul.
 14758 | D:10     | Noticed Josephine
 14781 | D:10     | Killed Josephine
 14879 | D:10     | Found a staircase to the Orcish Mines.
 14891 | D:10     | Noticed Maurice
 14899 | D:10     | Killed Maurice
 15407 | D:11     | Noticed Nergalle
 15443 | D:11     | Killed Nergalle
 15750 | D:11     | Reached ****** piety under Makhleb
 15986 | D:11     | Noticed Gastronok
 16004 | D:11     | Killed Gastronok
 16253 | D:12     | Reached skill level 10 in Invocations
 16308 | D:12     | Noticed Frances
 16336 | D:12     | Killed Frances
 16336 | D:12     | Reached skill level 15 in Axes
 16583 | D:12     | Noticed Harold
 16604 | D:12     | Killed Harold
 16680 | D:12     | Found a basalt altar of Yredelemnul.
 16730 | D:12     | Found a roughly hewn altar of Beogh.
 16743 | D:12     | Reached skill level 10 in Dodging
 17454 | D:13     | Found a radiant altar of Vehumet.
 17703 | D:14     | Reached XP level 15. HP: 138/138 MP: 9/9
 17709 | D:14     | Found a gate to the Vaults.
 18021 | D:14     | Noticed Urug
 18037 | D:14     | Killed Urug
 18428 | D:15     | Entered Level 15 of the Dungeon
 18686 | D:15     | Noticed Rupert
 18714 | D:15     | Killed Rupert
 18714 | D:15     | Reached skill level 10 in Fighting
 18933 | D:15     | Found a staircase to the Depths.
 19059 | D:15     | Found a sacrificial altar of Ru.
 19452 | Orc:1    | Entered Level 1 of the Orcish Mines
 19838 | Orc:2    | Entered Level 2 of the Orcish Mines
 19973 | Orc:2    | Found Foinorch's Antique Armour Shoppe.
 20075 | Orc:2    | Found Tasiuc's Book Boutique.
 20201 | Orc:2    | Found Asuenut's Antique Weapon Shoppe.
 20249 | Orc:2    | Bought a shimmering hand axe for 200 gold pieces
 20249 | Orc:2    | Identified the +5 hand axe of Wounding {chop, Str+6} (You bought it in a shop on level 2 of the Orcish Mines)
 20371 | Orc:2    | Noticed an orc warlord
 20372 | Orc:2    | Found Xigyt's General Store.
 20398 | Orc:2    | Killed an orc warlord
 20440 | Orc:2    | Bought 2 potions of agility for 120 gold pieces
 20440 | Orc:2    | Bought a scroll of teleportation for 45 gold pieces
 20440 | Orc:2    | Bought a scroll of teleportation for 45 gold pieces
 20465 | Orc:2    | Found a staircase to the Elven Halls.
 20840 | D:6      | Bought the +2 helmet of Mookkyen {rC+} for 427 gold pieces
 21055 | Elf:1    | Entered Level 1 of the Elven Halls
 21083 | Elf:1    | Found a frozen archway.
 21103 | Elf:1    | Reached skill level 16 in Axes
 21127 | Elf:1    | HP: 2/139 [halberd of venom (5)]
 21127 | Elf:1    | Slain by a fire elemental

Skill      XL: |  1  2  3  4  5  6  7  8  9 10 11 12 13 14 15 |
---------------+----------------------------------------------+-----
Axes           | 3 4 5 6 8 9 11 12 13 14 15 16 | 16.0
Fighting       | 3 4 5 6 7 8 9 10 | 10.3
Armour         | 4 5 6 7 8 9 10 11 12 | 12.1
Shields        | 4 5 6 7 8 9 10 11 12 | 12.2
Dodging        | 2 4 5 6 8 9 10 | 10.7
Invocations    | 3 5 7 9 10 11 | 11.3
Evocations     | 3 5 6 8 |  8.1
Earth Magic    | 1 4 5 |  5.1
Transmutations | 3 |  3.3
Spellcasting   | 2 |  2.9

Action                   |  1- 3 |  4- 6 |  7- 9 | 10-12 | 13-15 || total
-------------------------+-------+-------+-------+-------+-------++-------
Melee: War axe           |   127 |   183 |    15 |       |       ||   325
       Hand axe          |       |       |   410 |   905 |  1880 ||  3195
       Scimitar          |       |       |       |    10 |    67 ||    77
Invok: Greater Servant o |       |       |       |       |     1 ||     1
 Abil: Heal Wounds       |       |     5 |    18 |    20 |     8 ||    51
       Evoke Berserk Rag |       |       |       |    13 |    12 ||    25
Evoke: Wand              |       |       |       |     1 |     8 ||     9
  Use: Scroll            |     5 |       |    14 |     6 |    10 ||    35
       Potion            |       |     1 |       |     1 |     1 ||     3
 Stab: Sleeping          |       |       |     1 |       |       ||     1
       Paralysed         |       |       |       |     2 |    13 ||    15
       Invisible         |       |       |       |       |     2 ||     2
  Eat: Chunk             |     2 |     3 |    10 |    14 |    32 ||    61
       Ration            |       |       |       |     5 |     5 ||    10
Armor: Scale mail        |    60 |    76 |    21 |       |       ||   157
       Chain mail        |       |       |   173 |   110 |       ||   283
       Plate armour      |       |       |       |   365 |   756 ||  1121
Dodge: Dodged            |    37 |    58 |   110 |   308 |   518 ||  1031
Block: Shield            |    81 |    98 |   252 |   600 |   957 ||  1988
       Rpst.: Scimitar   |       |       |       |     1 |     6 ||     7
